 Dungeon Crawl Stone Soup version 0.16.1-11-g651b585 (webtiles) character file.

5641 abixa the Carver (level 11, 0/80 HPs)
             Began as a Human Warper on Mar 30, 2015.
             Was a High Priest of Okawaru.
             Killed from afar by an electric eel (6 damage)
             ... with a bolt of electricity
             ... on level 2 of the Lair of Beasts.
             The game lasted 01:18:23 (11191 turns).

abixa the Carver (Human Warper)                    Turns: 11191, Time: 01:18:24

Health: 0/80       AC: 15    Str: 11    XL:     11   Next: 3%
Magic:  11/17      EV: 10    Int: 17    God:    Okawaru [*****.]
Gold:   436        SH:  0    Dex: 13    Spells: 5 memorised, 2 levels left

rFire  x . .     SeeInvis .     a - +3 dagger (venom)
rCold  + . .     Clarity  .     I - +2 scale mail {rN+}
rNeg   + . .     SustAb   .     (no shield)
rPois  .         Gourm    .     (no helmet)
rElec  .         Spirit   .     u - +0 cloak
rCorr  .         Warding  .     C - +0 pair of gloves (curse)
rMut   .         Stasis   .     q - +2 pair of boots
MR     +....                    T - amulet of rage
Stlth  ..........               R - ring of protection from magic
                                W - ring of ice

@: lethally poisoned (0 -> -1), very slightly contaminated, somewhat resistant
to hostile enchantments, extremely unstealthy
A: no striking features
a: Heroism, Finesse, Renounce Religion, Evoke Berserk Rage


You were on level 2 of the Lair of Beasts.
You worshipped Okawaru.
Okawaru was extremely pleased with you.
You were very hungry.

You visited 3 branches of the dungeon, and saw 12 of its levels.

You collected 516 gold pieces.
You spent 80 gold pieces at shops.

Inventory:

Hand weapons
 a - a +3 dagger of venom (weapon)
 b - the +7 Singing Sword
   (You found it on level 4 of the Dungeon)
 n - a +0 blowgun
 w - a +0 scimitar
 y - a +0 trident
 B - the +4 hand axe of Crapor {elec, *Rage rPois rN+ MR+ Str+4, unknown}
   (You found it on level 4 of the Dungeon)

   Occasionally, upon striking a foe, it will discharge some electrical energy
   and cause terrible harm.
   It affects your strength (+4).
   It protects you from poison.
   It protects you from negative energy.
   It affects your resistance to hostile enchantments.
   It may make you go berserk in combat.
Missiles
 e - 5 tomahawks of dispersal
 l - 28 poisoned needles
 p - 265 stones (quivered)
 A - 64 sling bullets
 H - a throwing net
 L - 3 needles of sleeping
 N - 8 silver tomahawks
 P - 3 javelins
 Z - 7 tomahawks
Armour
 q - a +2 pair of boots (worn)
 u - a +0 cloak (worn)
 C - a cursed +0 pair of gloves (worn)
 I - a +2 scale mail of positive energy (worn)
 M - a +3 scale mail
Jewellery
 r - an uncursed ring of flight
 s - an uncursed ring of teleportation
 O - an uncursed ring of positive energy
 R - a ring of protection from magic (right hand)
 T - an amulet of rage (around neck)
 U - a +3 ring of dexterity
 V - an uncursed ring of teleport control
 W - a ring of ice (left hand)
Magical devices
 F - a wand of confusion (26)
Scrolls
 d - 2 scrolls of blinking
 k - 6 scrolls of remove curse
 m - a scroll of magic mapping
 t - a scroll of teleportation
 G - a scroll of noise
Potions
 i - a potion of might {unknown}
 j - a potion of haste
 v - 4 potions of brilliance
 z - a potion of heal wounds
 D - 5 potions of curing
 E - 2 potions of agility
 K - a potion of beneficial mutation {unknown}
 Q - 2 potions of restore abilities {unknown}
 X - 2 potions of invisibility
Books
 c - a book of Spatial Translocations

   Spells                             Type                      Level
   a - Apportation                    Translocation                1
   b - Blink                          Translocation                2
   c - Shroud of Golubria             Charms/Translocation         2
   d - Portal Projectile              Translocation                3
   e - Teleport Other                 Translocation                3
   f - Passage of Golubria            Translocation                4
Comestibles
 f - 6 bread rations
 h - 3 meat rations
 o - 5 beef jerkies
 x - 8 slices of pizza


   Skills:
 - Level 5.2 Fighting
 - Level 10.1 Long Blades
 - Level 1.0 Throwing
 - Level 5.2 Armour
 - Level 5.1 Dodging
 - Level 2.0 Spellcasting
 + Level 4.8 Charms
 + Level 7.5 Translocations
 - Level 1.2 Invocations


You had 2 spell levels left.
You knew the following spells:

 Your Spells              Type           Power        Failure   Level  Hunger
a - Apportation           Tloc           ####......   4%          1    #......
b - Blink                 Tloc           N/A          8%          2    ###....
c - Shroud of Golubria    Chrm/Tloc      ###.......   14%         2    ###....
d - Teleport Other        Tloc           ####....     14%         3    ###....
e - Passage of Golubria   Tloc           N/A          43%         4    #####..


Dungeon Overview and Level Annotations

Branches:
Dungeon (9/15)             Temple (1/1) D:7            Lair (2/8) D:9
    Orc: D:9-12

Altars:
Ashenzari
Cheibriados
Dithmenos
Elyvilon
Fedhas
Gozag
Kikubaaqudgha
Makhleb
Nemelex Xobeh
Okawaru
Qazlal
Ru
Sif Muna
Trog
Vehumet
Xom
Yredelemnul
Zin
The Shining One

Shops:
D:4 ![!   D:6 ?

Annotations:
D:9 !simulacra * 20


Message History

* * * LOW HITPOINT WARNING * * *
The eight-headed hydra bites you but does no damage. x2
Casting: Blink
Confirm with . or Enter, or press ? or * to list all spells.
You blink.
A wolf comes into view.
The wolf barks!
You feel sick.
The wolf moves out of view.
The wolf closely misses you. The wolf barely misses you.
The wolf bites you but does no damage. The wolf bites you.
* * * LOW HITPOINT WARNING * * *
The wolf bites you.
* * * LOW HITPOINT WARNING * * *
You hear the slow rumble of a very distant avalanche of rocks.
You hear the faint crackling of a very distant melting archway.
Your surroundings suddenly seem different.
An electric eel comes into view.
The electric eel shoots out a bolt of lightning at you!
The bolt of electricity hits you!
You die...

... ......≈≈≈
......≈≈.≈≈
......≈≈.≈.≈≈
.......≈≈(≈.>≈≈
......)≈≈≈)!≈≈.
.........≈≈;≈≈.
..........;......
........@........
#................
...............
...............
...............
.............
...........
......... .#.


You could see 2 electric eels.

Vanquished Creatures
  A troll (D:8)
  2 deep elf fighters
  Eustachio (D:8)
  A hippogriff (D:7)
  A human (D:7)
  A hungry ghost (D:9)
  Edmund (D:9)
  An orc warrior (D:7)
  A water moccasin (Lair:1)
  4 ogres
  2 sky beasts
  An ice beast (D:6)
  2 centaurs
  7 giant frogs
  2 crocodiles (D:9)
  2 big kobolds
  2 gnoll sergeants
  A wyvern skeleton (D:9)
  9 scorpions
  5 wights (D:6)
  4 killer bees
  A quasit (D:3)
  2 crimson imps
  6 hounds
  A goliath beetle (D:6)
  2 jellies
  2 giant frog skeletons
  5 orc priests
  A centaur skeleton (D:5)
  An iguana (D:4)
  8 worker ants
  A yak simulacrum (D:9)
  7 orc wizards
  10 sheep
  2 hound skeletons
  13 gnolls
  8 adders
  A river rat (D:8)
  4 worms
  6 giant mites
  2 adder skeletons
  4 giant geckos
  28 orcs
  40 bats
  2 bat skeletons
  5 giant cockroaches
  9 goblins
  10 hobgoblins
  12 jackals
  23 kobolds
  4 quokkas
  A giant gecko skeleton (D:7)
  A giant gecko zombie (D:7)
  5 giant newts
  A quokka skeleton (D:7)
  22 rats
301 creatures vanquished.

Vanquished Creatures (others)
  A fungus (D:9)
1 creature vanquished.

Grand Total: 302 creatures vanquished

Notes
Turn   | Place    | Note
--------------------------------------------------------------
     0 | D:1      | abixa, the Human Warper, began the quest for the Orb.
     0 | D:1      | Reached XP level 1. HP: 16/16 MP: 3/3
    40 | D:1      | You fall through a shaft!
   106 | D:2      | Reached XP level 2. HP: 11/22 MP: 4/4
   198 | D:1      | Learned a level 2 spell: Blink
   516 | D:1      | Learned a level 2 spell: Shroud of Golubria
   700 | D:1      | Reached XP level 3. HP: 27/27 MP: 6/6
  1172 | D:2      | Found an iron altar of Okawaru.
  1271 | D:1      | Reached skill level 4 in Long Blades
  1271 | D:1      | Reached XP level 4. HP: 29/33 MP: 7/7
  1469 | D:2      | Became a worshipper of Warmaster Okawaru
  1977 | D:3      | Reached XP level 5. HP: 38/38 MP: 9/9
  2022 | D:3      | Reached skill level 5 in Long Blades
  2264 | D:3      | Learned a level 3 spell: Teleport Other
  2310 | D:3      | Reached XP level 6. HP: 40/44 MP: 10/10
  2894 | D:3      | Reached skill level 6 in Long Blades
  3099 | D:4      | Found Kafunk's Antique Armour Boutique.
  3188 | D:4      | Found Arieg's Distillery.
  3211 | D:4      | Bought a potion of heal wounds for 50 gold pieces
  3211 | D:4      | Bought a potion of curing for 30 gold pieces
  3243 | D:4      | Acquired Okawaru's first power
  3327 | D:4      | Reached XP level 7. HP: 50/50 MP: 12/12
  3374 | D:4      | Reached skill level 5 in Translocations
  3508 | D:4      | Reached XP level 8. HP: 53/57 MP: 13/13
  3721 | D:4      | Got a twisted hand axe
  4145 | D:4      | Found Gruuc's Distillery.
  4636 | D:5      | Entered Level 5 of the Dungeon
  5219 | D:5      | Found a shadowy altar of Dithmenos.
  5379 | D:5      | Reached skill level 1 in Invocations
  5418 | D:5      | Reached XP level 9. HP: 55/64 MP: 14/14
  5910 | D:6      | Reached skill level 7 in Translocations
  6258 | D:6      | Found Khotamn's Magic Scroll Shoppe.
  7114 | D:7      | Found a staircase to the Ecumenical Temple.
  7268 | Temple   | Entered the Ecumenical Temple
  7269 | Temple   | Reached skill level 5 in Dodging
  7418 | D:7      | Reached skill level 8 in Long Blades
  7418 | D:7      | Reached skill level 5 in Armour
  7418 | D:7      | Reached XP level 10. HP: 56/73 MP: 16/16
  7432 | D:7      | Reached skill level 1 in Charms
  7436 | D:7      | Reached skill level 5 in Fighting
  7656 | D:7      | Received a gift from Okawaru
  8115 | D:7      | Reached skill level 9 in Long Blades
  8763 | D:7      | Learned a level 4 spell: Passage of Golubria
  9494 | D:8      | Noticed Eustachio
  9539 | D:8      | Killed Eustachio
  9768 | D:9      | Noticed Edmund
  9804 | D:8      | Reached skill level 10 in Long Blades
  9988 | D:9      | Killed Edmund
 10269 | D:9      | Found a staircase to the Lair.
 10463 | D:9      | Noticed a necromancer
 10650 | D:9      | Found a radiant altar of Vehumet.
 10673 | D:9      | Acquired Okawaru's second power
 10935 | Lair:1   | Entered Level 1 of the Lair of Beasts
 10949 | Lair:1   | Reached XP level 11. HP: 65/80 MP: 17/17
 11141 | Lair:2   | Noticed a six-headed hydra
 11165 | Lair:2   | Noticed an eight-headed hydra
 11191 | Lair:2   | Killed from afar by an electric eel

Action                   |  1- 3 |  4- 6 |  7- 9 | 10-12 || total
-------------------------+-------+-------+-------+-------++-------
Melee: Falchion          |    92 |   198 |       |       ||   290
       Dagger            |       |    13 |   250 |   293 ||   556
       Double sword      |       |       |    82 |   116 ||   198
 Fire: Blowgun           |       |       |    15 |    46 ||    61
Throw: Stone             |    27 |    40 |    83 |    48 ||   198
 Cast: Blink             |       |       |       |    15 ||    15
       Teleport Other    |       |       |       |     2 ||     2
       Shroud of Golubri |       |       |       |     1 ||     1
Evoke: Wand              |       |       |       |     2 ||     2
  Use: Scroll            |       |     5 |     1 |     8 ||    14
 Stab: Confused          |       |       |       |     1 ||     1
  Eat: Chunk             |     1 |     7 |    13 |    10 ||    31
       Fruit             |       |       |       |     3 ||     3
       Beef jerky        |       |       |       |     1 ||     1
